 Seeded DCSS version 0.30-a0-263-ge22c4ad894 (webtiles) character file.

Game seed: 14748244919548218234 (custom seed)

4383 Iusername the Fighter (level 10, 0/92 HPs)
             Began as a Minotaur Fighter on Oct 13, 2022.
             Was an Initiate of Gozag.
             Shot with a sling bullet by Joseph (3 damage)
             ... on level 9 of the Dungeon.
             The game lasted 00:12:58 (10090 turns).

Iusername the Fighter (Minotaur Fighter)           Turns: 10090, Time: 00:12:59

Health: 0/92       AC: 17    Str: 26    XL:     10   Next: 13%
Magic:  9/9        EV:  7    Int:  5    God:    Gozag
Gold:   1741       SH:  0    Dex:  9    Spells: 9/9 levels left

rFire   . . .      SeeInvis .    a - +1 war axe
rCold   . . .      Faith    .    (no shield)
rNeg    . . .      Spirit   .    g - +0 plate armour
rPois   .          Reflect  .    (helmet restricted)
rElec   .          Harm     .    i - +0 cloak
rCorr   .          Rampage  .    B - +0 pair of gloves
Will    .....                    (no boots)
Stlth   ..........               (no amulet)
HPRegen 0.35/turn                (no ring)
MPRegen 0.11/turn                (no ring)

@: no status effects
A: horns 2, retaliatory headbutt
a: Renounce Religion, Potion Petition, Call Merchant, Bribe Branch


You were on level 9 of the Dungeon.
You worshipped Gozag.
Gozag was most pleased with you.
You visited 1 branch of the dungeon, and saw 9 of its levels.
You also visited: Ossuary.

You collected 1795 gold pieces.
You paid 54 gold pieces to Gozag.

Inventory:

Hand Weapons
 a - a +1 war axe (weapon)
Missiles
 c - a throwing net
 n - 7 boomerangs
 t - 4 silver javelins
Armour
 g - a +0 plate armour (worn)
 i - a +0 cloak (worn)
 B - a +0 pair of gloves (worn)
Jewellery
 k - an amulet of magic regeneration
 u - an amulet of guardian spirit
 z - a ring of protection from cold
 C - a ring of protection from fire
Wands
 o - a wand of flame (20) (quivered)
 r - a wand of digging (10)
 w - a wand of roots (7)
 x - a wand of quicksilver (9)
Scrolls
 e - a scroll of vulnerability
 q - 2 scrolls of teleportation
 y - a scroll of amnesia
Potions
 b - 2 potions of flight
 d - 2 potions of berserk rage
 f - a potion of ambrosia
 h - 3 potions of lignification
 j - 5 potions of curing
 l - 3 potions of brilliance
 m - a potion of degeneration {unknown}
 p - a potion of might
 v - 2 potions of heal wounds {unknown}
 A - a potion of cancellation {unknown}


   Skills:
 + Level 9.7 Fighting
 + Level 9.2 Axes
 + Level 9.6 Armour
 + Level 9.5 Shields


You had 9 spell levels left.
You didn't know any spells.
Your spell library contained the following spells:

 Spells                   Type           Power      Damage    Failure   Level
 Beastly Appendage        Tmut           0%         N/A       99%         1
 Necrotise                Necr           0%         1d4       99%         1
 Blink                    Tloc           0%         N/A       100%        2
 Momentum Strike          Conj/Tloc      0%         3d8       100%        2
 Wereblood                Tmut           0%         N/A       100%        2
 Hailstorm                Conj/Ice       0%         3d3       100%        3
 Lesser Beckoning         Tloc           0%         N/A       100%        3
 Spider Form              Tmut/Pois      0%         N/A       100%        3
 Ice Form                 Ice/Tmut       0%         N/A       100%        4
 Leda's Liquefaction      Hex/Erth       0%         N/A       100%        4
 Manifold Assault         Tloc           0%         N/A       100%        4
 Lee's Rapid Deconstruct  Erth           0%         3d5*      100%        5
 Yara's Violent Unravell  Hex/Tmut       0%         3d3       100%        5
 Dispersal                Tloc           0%         N/A       100%        6
 Statue Form              Tmut/Erth      0%         N/A       100%        6
 Enfeeble                 Hex            0%         N/A       100%        7
 Disjunction              Tloc           0%         N/A       100%        8
 Simulacrum               Ice/Necr       Unusable   N/A       N/A         6

Dungeon Overview and Level Annotations

Branches:
Dungeon (9/15)             Temple (0/1) D:4         Ossuary (visited)
   Lair: D:8-11         Orc: D:9-12

Altars:
Ashenzari
Gozag
Kikubaaqudgha
Makhleb
Nemelex Xobeh
Sif Muna
Trog
Uskayaw
Xom
Yredelemnul
Zin

Annotations:
D:9 Erica, Joseph


Innate Abilities, Weirdness & Mutations

You have a pair of horns on your head.
You reflexively headbutt those who attack you in melee.


Message History

The puff of flame hits Joseph.
Joseph is lightly wounded.
Joseph shoots a sling bullet.
The sling bullet hits you. The sling bullet burns you.
The puff of flame hits Joseph.
Joseph is moderately wounded.
Joseph shoots a sling bullet.
The sling bullet hits you! The sling bullet burns you.
An orc comes into view. It is wielding a +0 mace.
You hear a bellow! 2 death yaks and Erica come into view.
Erica is wielding a +0 scimitar of flaming.
The death yak bellows!
You hear a shout!
Joseph unwields a +1 sling of flaming.
It stops flaming.
Joseph wields a +0 quarterstaff.
Joseph hits you with a +0 quarterstaff.
You slash Joseph! Your headbutt misses Joseph.
Joseph is moderately wounded.
Joseph hits you with a +0 quarterstaff!
* * * LOW HITPOINT WARNING * * *
You barely miss Joseph. You headbutt Joseph!
Joseph is heavily wounded.
Joseph hits you with a +0 quarterstaff.
* * * LOW HITPOINT WARNING * * *
Erica casts a spell.
Erica flickers and vanishes!
Deactivating autopickup; reactivate with Ctrl-A.
Joseph unwields a +0 quarterstaff.
Joseph wields a +1 sling of flaming.
It bursts into flame!
Joseph shoots a sling bullet.
The sling bullet hits you.
* * * LOW HITPOINT WARNING * * *
The sling bullet burns you.
* * * LOW HITPOINT WARNING * * *
You feel better.
Joseph shoots a sling bullet.
The sling bullet hits you!
* * * LOW HITPOINT WARNING * * *
The sling bullet burns you.
* * * LOW HITPOINT WARNING * * *
Joseph shoots a sling bullet.
The sling bullet hits you.
* * * LOW HITPOINT WARNING * * *
The sling bullet burns you.
You die...
Your body crumbles into a pile of gold.

. .. #### ...
#<.# ...{ #..#
..... #..#
......###[.###...
....?Y@..@.......
....Y.o.....?....
.................
.................
....##+##########
.... ... ..


You could see 2 death yaks, Joseph and an orc.

Vanquished Creatures
  Psyche (D:8)
  Sigmund (D:5)
  A human (D:6)
  A steam dragon (D:8)
  2 wyverns
  Menkaure (D:4)
  A water moccasin (D:6)
  Duvessa (D:4)
  4 sky beasts
  4 orc warriors (D:8)
  An ogre (D:6)
  A centaur (D:6)
  A phantom (D:4)
  A kobold brigand (D:8)
  2 bullfrogs
  An elf zombie (Ossuary)
  6 scorpions
  A gnoll sergeant (D:5)
  4 wights (D:7)
  Dowan (D:4)
  2 howler monkeys (D:8)
  3 centaur zombies (Ossuary)
  4 jellies
  4 orc priests
  2 iguanas
  A human skeleton (D:6)
  Natasha (thrice) (D:4)
  4 orc wizards
  A hound zombie (Ossuary)
  3 mummies (Ossuary)
  11 gnolls
  9 adders
  A shadow imp (D:5)
  2 white imps
  An ufetubus (D:4)
  An adder zombie (Ossuary)
  2 worms
  5 dart slugs
  48 orcs
  4 bats
  7 endoplasms
  4 giant cockroaches
  A gnoll zombie (Ossuary)
  9 goblins
  8 hobgoblins
  12 jackals
  12 kobolds
  A quokka (D:3)
  9 ball pythons
  3 frilled lizards
  5 goblin zombies
  3 jackal zombies (Ossuary)
  2 kobold zombies (Ossuary)
  3 orc zombies (Ossuary)
  8 quokka zombies
  7 rats
  5 rat zombies (Ossuary)
246 creatures vanquished.

Notes
Turn   | Place    | Note
-------+----------+-------------------------------------------
     0 | D:1      | Iusername the Minotaur Fighter began the quest for the Orb.
     0 | D:1      | Reached XP level 1. HP: 19/19 MP: 0/0
   232 | D:1      | Reached XP level 2. HP: 26/27 MP: 1/1
   772 | D:2      | Reached XP level 3. HP: 27/33 MP: 2/2
  1095 | D:2      | Identified a scroll of acquirement
  1095 | D:2      | Acquired 316 gold pieces
  1132 | D:2      | Reached XP level 4. HP: 41/41 MP: 3/3
  1773 | D:3      | Reached XP level 5. HP: 47/47 MP: 4/4
  1792 | D:3      | Found a hide-covered altar of Uskayaw.
  1795 | D:3      | Noticed a +0 hand axe
  1795 | D:3      | Noticed a +0 dagger
  1822 | D:3      | Found a shimmering blue altar of Sif Muna.
  1852 | D:3      | Got Sif Muna's Catalogue of Dark Magic
  1857 | D:3      | Found a bloodstained altar of Trog.
  2097 | D:3      | Found a sparkling altar of Nemelex Xobeh.
  2192 | D:3      | Reached skill level 5 in Fighting
  2509 | D:4      | Reached skill level 5 in Armour
  2509 | D:4      | Reached skill level 5 in Shields
  2612 | D:4      | Reached XP level 6. HP: 55/56 MP: 5/5
  2655 | D:4      | Noticed Dowan
  2655 | D:4      | Noticed Duvessa
  2666 | D:4      | Killed Duvessa
  2668 | D:4      | Killed Dowan
  3099 | D:4      | Noticed Menkaure
  3107 | D:4      | Killed Menkaure
  3108 | D:4      | Reached skill level 5 in Axes
  3108 | D:4      | Reached XP level 7. HP: 16/62 MP: 6/6
  3483 | D:4      | Found an opulent altar of Gozag.
  3491 | D:4      | Identified the +7 dagger of Glory {pain, rF- rC+ Int+10}
  3531 | D:4      | Became a worshipper of Gozag Ym Sagoz the Greedy
  3552 | D:4      | Found a staircase to the Ecumenical Temple.
  3555 | D:4      | Noticed Natasha
  3590 | D:4      | Killed Natasha
  4087 | D:4      | Noticed Natasha
  4093 | D:4      | Killed Natasha
  4119 | D:4      | Noticed Natasha
  4130 | D:4      | Killed Natasha
  4307 | D:5      | Entered Level 5 of the Dungeon
  4338 | D:5      | Found an ancient bone altar of Kikubaaqudgha.
  4564 | D:5      | Found a sand-covered staircase.
  4583 | Ossuary  | Entered an ossuary
  4890 | Ossuary  | Reached XP level 8. HP: 61/71 MP: 7/7
  5755 | D:6      | Found a runed translucent door.
  5767 | D:6      | Found a basalt altar of Yredelemnul.
  6407 | D:6      | Reached XP level 9. HP: 81/81 MP: 8/8
  6422 | D:6      | Identified the +2 spear "Fauneuf" {spect, rElec rPois Will+
                  | rCorr}
  7137 | D:7      | Found a glowing silver altar of Zin.
  7137 | D:7      | Found a burning altar of Makhleb.
  7137 | D:7      | Noticed a blizzard demon
  7137 | D:7      | Noticed an angel
  7853 | D:7      | Found a shimmering altar of Xom.
  8923 | D:5      | Noticed Sigmund
  8930 | D:5      | Killed Sigmund
  9092 | D:5      | Found a broken altar of Ashenzari.
  9812 | D:8      | Reached XP level 10. HP: 70/91 MP: 9/9
  9952 | D:8      | Noticed Psyche
  9958 | D:8      | Killed Psyche
 10078 | D:9      | Noticed Joseph
 10085 | D:9      | Noticed a death yak
 10085 | D:9      | Noticed a death yak
 10085 | D:9      | Noticed Erica
 10090 | D:9      | HP: 3/92 [Joseph/sling bullet (6)]
 10090 | D:9      | Shot with a sling bullet by Joseph

Illustrated notes

Levels and vault maps discovered:
D:1:      psy_arrival_conway, layout_basic
D:2:      layout_basic
D:3:      layout_rooms, nzn_overflow_gifts_of_might_and_magic,
          dancing_weapons_uskayaw, amcnicky_altar_gilded,
          chequers_serial_rivers_marsh, chequers_serial_rivers_room_b,
          minmay_misc_feat_doors
D:4:      layout_basic, kennysheep_little_box, minmay_temple_entry_trees,
          uniq_menkaure, uniq_natasha, uniq_duvessa
D:5:      layout_basic, kiku_gazebo_pond_becter, nicolae_ashenzari_skybound,
          enter_ossuary_4, st_stairs_13, uniq_sigmund
D:6:      layout_layer_cave, dk_yredelemnul_ordeal
D:7:      layout_rooms, marbit_many_paths,
          grunt_temple_overflow_order_and_chaos_2
D:8:      layout_loops_corners, special_room [special_room_orc], uniq_psyche
D:9:      layout_irregular_city, mainiacjoe_overflow_alcove_1,
          dpeg_lair_monsters, serial_shops, nicolae_shop_statue_plus,
          ebering_ghost_inner_flame, roderic_lattice_a, uniq_joseph,
          uniq_maggie, uniq_erica, uniq_prince_ribbit1

Skill      XL: |  1  2  3  4  5  6  7  8  9 |
---------------+----------------------------+-----
Fighting       | 4 5 6 8 9 |  9.7
Armour         | 4 5 6 7 9 |  9.6
Axes           | 3 4 5 6 7 9 |  9.2
Shields        | 4 5 6 7 9 |  9.5

Action                   |  1- 3 |  4- 6 |  7- 9 | 10-12 || total
-------------------------+-------+-------+-------+-------++-------
Melee: War axe           |    55 |   134 |   423 |    36 ||   648
       Headbutt          |     6 |    20 |    74 |     7 ||   107
       Punch             |       |     4 |     3 |       ||     7
Throw: Boomerang         |       |       |    13 |       ||    13
       Throwing net      |       |       |     1 |       ||     1
Evoke: Wand              |       |       |       |     4 ||     4
  Use: Scroll            |     4 |     2 |     9 |       ||    15
       Potion            |     1 |     1 |     3 |     1 ||     6
 Stab: Distracted        |       |       |     1 |       ||     1
Armor: Scale mail        |    19 |     2 |       |       ||    21
       Plate armour      |       |   126 |   279 |    10 ||   415
Dodge: Dodged            |    15 |    66 |   134 |     5 ||   220
Block: Buckler           |    13 |     3 |       |       ||    16

Table legend: (Time is in decaauts)
 A = Elapsed time spent in this place.
 B = Non-inter-level travel time spent in this place.
 C = Inter-level travel time spent in this place.
 D = Time resting spent in this place.
 E = Time spent auto-exploring this place.
 F = Levels seen in this place.
 G = Mean time per level.
                   A        B        C        D        E       F      G
               +--------+--------+--------+--------+--------+-----+--------+
         Total |  10227 |   9764 |    463 |   2323 |   5745 |  10 | 1022.7 |
       Dungeon |   9612 |   9149 |    463 |   2077 |   5518 |   9 | 1068.0 |
       Ossuary |    614 |    614 |      0 |    246 |    227 |   1 |  614.0 |
               +--------+--------+--------+--------+--------+-----+--------+

Top non-repeatable levels by time:
     D:4: 1912 daAuts
     D:6: 1496 daAuts
     D:5: 1355 daAuts
     D:8: 1123 daAuts
     D:7: 1083 daAuts
     D:2: 968 daAuts
     D:3: 871 daAuts
     D:1: 787 daAuts
 Ossuary: 614 daAuts
     D:9: 13 daAuts
